 Dungeon Crawl Stone Soup version 0.16-a0-3303-g3c4fcab (webtiles) character file.

30234 Minkie the Bludgeoner (level 13, 0/119 HPs)
             Began as a Minotaur Berserker on Dec 24, 2014.
             Was the Champion of Trog.
             Killed by vampiric draining
             ... invoked by a vampire
              (4 damage)
             ... on level 15 of the Dungeon on Dec 25, 2014.
             The game lasted 01:15:32 (13411 turns).

Minkie the Bludgeoner (Minotaur Berserker)         Turns: 13411, Time: 01:15:32

Health: 0/119      AC: 23    Str: 26    XL:     13   Next: 19%
Magic:  22/22      EV: 17    Int:  4    God:    Trog [******]
Gold:   1014       SH:  5    Dex: 14    Spells: 0 memorised, 12 levels left

rFire  . . .     SeeInvis .     a - +3 mace (freeze)
rCold  + . .     Clarity  +     C - +2 chain mail {rC+}
rNeg   . . .     SustAb   .     j - +0 buckler {AC+3}
rPois  +         Gourm    .     (helmet restricted)
rElec  .         Spirit   .     B - +0 cloak
rCorr  .         Warding  .     G - +0 pair of gloves
rMut   .         Stasis   .     X - +1 pair of boots {run}
MR     .....                    y - amulet of regeneration
Stlth  ..........               l - +1 ring of strength
                                K - +4 ring of evasion

@: lethally poisoned, quick, not resistant to hostile enchantments, extremely
unstealthy
A: retaliatory headbutt, hooves 1, horns 2, rugged brown scales 1, berserk 2,
clarity, poison resistance, strong 1, evolution 1
a: Burn Spellbooks, Berserk, Trog's Hand, Brothers in Arms, Renounce Religion


You were on level 15 of the Dungeon.
You worshipped Trog.
Trog was exalted by your worship.
You were hungry.

You visited 2 branches of the dungeon, and saw 16 of its levels.
You also visited: Bailey.

You collected 1014 gold pieces.

Inventory:

Hand weapons
 a - a +3 mace of freezing (weapon)
 w - the +8 blowgun "Pudeofuka" {speed, Str+2 Int+4}
   (You found it on level 11 of the Dungeon)

   Attacks with this weapon are significantly faster.
   It affects your strength (+2).
   It affects your intelligence (+4).
Missiles
 L - 8 poisoned tomahawks (quivered)
 U - 50 poisoned needles
Armour
 j - a +0 buckler of protection (worn)
 B - a +0 cloak (worn)
 C - a +2 chain mail of cold resistance (worn)
 G - a +0 pair of gloves (worn)
 X - a +1 pair of boots of running (worn)
Rods
 H - a +0 rod of clouds (9/9)
   (You found it on level 7 of the Dungeon)
Jewellery
 b - the ring "Xerink" {+/*Tele Int+4 Dex+3}
   (You acquired it on level 1 of the Lair of Beasts)

   [ring of teleportation]

   It causes random teleportation, and can be evoked to teleport at will.
   It affects your intelligence (+4).
   It affects your dexterity (+3).
 l - a +1 ring of strength (right hand)
 q - a cursed ring of protection from cold
 y - an amulet of regeneration (around neck)
 K - a +4 ring of evasion (left hand)
Magical devices
 d - a wand of fireball (8)
 x - a wand of slowing (19)
 D - a wand of confusion (33)
 E - a wand of frost (28)
 T - a wand of frost (8)
 V - a wand of cold (10)
 Z - a wand of teleportation (1)
Scrolls
 e - 5 scrolls of identify
 g - 2 scrolls of enchant weapon
 h - a scroll of vulnerability
 m - 6 scrolls of teleportation
 o - a scroll of fear
 t - 14 scrolls of remove curse
 u - 3 scrolls of blinking
 z - a scroll of brand weapon
 A - 2 scrolls of summoning
 F - a scroll of fog
 I - 3 scrolls of magic mapping
 J - a scroll of recharging
Potions
 f - 2 potions of restore abilities
 s - 4 potions of curing
 v - 3 potions of heal wounds
 M - a potion of cancellation
 N - 4 potions of haste
 Q - a potion of resistance
 R - a potion of might
 S - 3 potions of brilliance
 W - 2 potions of magic
Miscellaneous
 p - a stone of tremors
 O - a stone of tremors
Comestibles
 c - 9 bread rations
 k - 9 meat rations
 n - 2 royal jellies
 r - 4 beef jerkies


   Skills:
 + Level 11.3 Fighting
 - Level 16.0 Maces & Flails
 + Level 10.8 Armour
 + Level 7.9 Dodging
 - Level 5.3 Shields
 - Level 10.0 Evocations


You had 12 spell levels left.
You didn't know any spells.

Dungeon Overview and Level Annotations

Branches:
Dungeon (15/15)            Temple (0/1) D:6            Lair (1/8) D:11
    Orc (0/4) D:12         Vaults (0/5) D:13         Depths (0/5) D:15

Altars:
Elyvilon
Fedhas
Gozag
Makhleb
Nemelex Xobeh
Trog
Vehumet
Xom
Yredelemnul
Zin
The Shining One

Annotations:
D:8 Joseph


Innate Abilities, Weirdness & Mutations

You reflexively headbutt those who attack you in melee.
You have a pair of horns on your head.
You have large cloven feet.
You are partially covered in rugged brown scales (AC +1, +3% HP).
You often lose your temper in combat.
You possess an exceptional clarity of mind.
Your system is resistant to poisons.
Your muscles are strong. (Str +2)
You evolve.


Message History

The blue devil misses you. The sun demon hits you!!
* * * LOW HITPOINT WARNING * * *
You are engulfed in flames!!
* * * LOW HITPOINT WARNING * * *
The white imp gestures at you. The puff of frost hits you! You resist.
* * * LOW HITPOINT WARNING * * *
You hit the vampire.
The vampire is heavily damaged.
The vampire barely misses you. x2
The blue devil hits you but does no damage.
You hit the vampire. Your headbutt misses the vampire.
The vampire is severely damaged.
The sun demon hits you but does no damage.
The white imp barely misses you.
You sock the vampire!
You headbutt the vampire, but do no damage.
The vampire is almost destroyed.
The vampire is infused with unholy energy.
You die...

. ... #+####.#.#
..####.........#
.......45V....#K..
...).#@# .ยง...#
$.....#3##.#...#.#
....(...K5).K.......#
#......K(5#####.#...
####......#.. #..#
#....(.#.# #..#
#...((.#.# #..#
#......#.# #..#
#......#.#####..#


You could see a sun demon, a blue devil, a vampire, a big kobold, a quasit, a
white imp, a shadow imp and a kobold.

Vanquished Creatures
  An emperor scorpion (D:15)
  A dire elephant (D:15)
  Nessos (D:13)
  A hydra (D:14)
  A tengu warrior (D:13)
  4 centaur warriors
  Urug (D:12)
  3 skeletal warriors (D:14)
  3 unseen horrors
  2 hill giants
  A wizard (D:13)
  3 manticores
  A kobold demonologist (D:14)
  3 centaur zombies
  2 centaur skeletons
  A black mamba (Lair:1)
  4 trolls
  A two-headed ogre (D:13)
  2 ravens (D:13)
  4 slime creatures (D:12)
  2 trapdoor spider zombies
  A basilisk (D:15)
  3 shadows
  13 yaks
  4 wyverns
  A wraith (D:13)
  3 deep elf magi
  3 hippogriffs
  A human (D:7)
  2 hungry ghosts
  A deep elf fighter (D:15)
  A redback simulacrum (D:15)
  Menkaure (D:4)
  2 water moccasins
  4 ice beasts
  2 yellow wasps
  5 sky beasts
  An eye of draining (D:13)
  6 orc warriors
  A black bear (D:13)
  A boring beetle (shapeshifter) (D:13)
  10 centaurs
  A crocodile (D:14)
  2 ogres
  3 phantoms
  A brain worm (D:13)
  7 giant frogs
  7 big kobolds
  Blork the orc (D:6)
  5 scorpions
  24 killer bees
  7 wights
  2 giant frog zombies
  5 crimson imps
  2 giant frog skeletons
  6 hounds
  6 jellies
  5 orc priests
  2 iguanas
  11 worker ants
  11 orc wizards
  A sheep (D:7)
  A killer bee zombie (D:6)
  A mummy (D:12)
  A hound skeleton (D:7)
  A worker ant zombie (D:7)
  11 adders
  8 gnolls
  3 shadow imps
  A giant mite (D:4)
  9 worms
  An adder skeleton (D:5)
  5 giant geckos
  2 oozes
  53 orcs
  3 bat zombies
  18 hobgoblins
  4 jackals (D:5)
  6 quokkas
  3 ball pythons
  20 bats
  4 giant cockroaches
  4 giant newts
  A giant spore (D:13)
  14 goblins
  31 kobolds
  18 rats
  A spectral orc (D:2)
  4 ballistomycetes (D:13)
445 creatures vanquished.

Vanquished Creatures (collateral kills)
  An adder (Lair:1)
1 creature vanquished.

Vanquished Creatures (others)
  2 orcs (D:12)
2 creatures vanquished.

Grand Total: 448 creatures vanquished

Notes
Turn   | Place    | Note
--------------------------------------------------------------
     0 | D:1      | Minkie, the Minotaur Berserker, began the quest for the Orb.
     0 | D:1      | Reached XP level 1. HP: 19/19 MP: 1/1
    88 | D:1      | Reached skill level 4 in Maces & Flails
   141 | D:1      | Reached XP level 2. HP: 24/26 MP: 1/1
   569 | D:2      | Reached skill level 5 in Maces & Flails
   694 | D:2      | Reached XP level 3. HP: 31/31 MP: 2/2
   730 | D:2      | Acquired Trog's second power
   867 | D:2      | Noticed a hound
   879 | D:2      | Killed a hound
   879 | D:2      | Reached skill level 6 in Maces & Flails
   879 | D:2      | Reached XP level 4. HP: 39/39 MP: 2/2
   992 | D:2      | Found a burning altar of Makhleb.
  1399 | D:2      | Found a basalt altar of Yredelemnul.
  1564 | D:3      | Found a sparkling altar of Nemelex Xobeh.
  1682 | D:3      | Reached XP level 5. HP: 45/45 MP: 2/2
  1736 | D:3      | Reached skill level 7 in Maces & Flails
  2127 | D:5      | Entered Level 5 of the Dungeon
  2376 | D:4      | Reached skill level 8 in Maces & Flails
  2386 | D:4      | Noticed Menkaure
  2396 | D:4      | Killed Menkaure
  2396 | D:4      | Reached XP level 6. HP: 15/51 MP: 3/3
  2411 | D:4      | Reached skill level 9 in Maces & Flails
  2592 | D:4      | Found a radiant altar of Vehumet.
  2849 | D:4      | Noticed an ogre
  2854 | D:4      | Killed an ogre
  2854 | D:4      | Reached XP level 7. HP: 57/57 MP: 3/3
  3551 | D:4      | Reached skill level 10 in Maces & Flails
  3698 | D:5      | Noticed a phantom
  3717 | D:5      | Killed a phantom
  3717 | D:5      | Reached skill level 11 in Maces & Flails
  3811 | D:5      | Reached XP level 8. HP: 61/64 MP: 3/3
  3870 | D:5      | Noticed an ice beast
  3884 | D:5      | Killed an ice beast
  3946 | D:5      | Acquired Trog's third power
  4123 | D:5      | Reached skill level 12 in Maces & Flails
  4275 | D:6      | Noticed Blork the orc
  4280 | D:6      | Killed Blork the orc
  4826 | D:6      | Found a staircase to the Ecumenical Temple.
  4954 | D:7      | Reached skill level 13 in Maces & Flails
  5061 | D:8      | Noticed Joseph
  5259 | D:7      | Identified a +0 rod of clouds (9/9) (You found it on level 7 of the Dungeon)
  5334 | D:7      | Reached XP level 9. HP: 70/70 MP: 4/4
  5352 | D:7      | Found a white marble altar of Elyvilon.
  5352 | D:7      | Found a glowing golden altar of the Shining One.
  5353 | D:7      | Found a glowing silver altar of Zin.
  5753 | D:7      | Found a blossoming altar of Fedhas.
  5806 | D:7      | Reached skill level 14 in Maces & Flails
  6003 | D:7      | Gained mutation: You possess an exceptional clarity of mind. [mutagenic meat]
  6065 | D:7      | Reached skill level 15 in Maces & Flails
  6094 | D:8      | Reached skill level 1 in Evocations
  6480 | D:9      | Found a bloodstained altar of Trog.
  6490 | D:9      | Found a shimmering altar of Xom.
  6492 | D:9      | Gained mutation: Your muscles are strong. (Str +2) [mutagenic meat]
  6512 | D:9      | Received a gift from Trog
  6512 | D:9      | Reached skill level 5 in Armour
  6649 | D:9      | Reached XP level 10. HP: 67/77 MP: 9/10
  6666 | D:9      | Gained mutation: You evolve. [mutagenic meat]
  6711 | D:9      | Found a flagged portal.
  6741 | Bailey   | Entered a bailey
  6836 | Bailey   | HP: 3/115 [orc warrior/halberd (16)]
  6852 | Bailey   | HP: 1/77 [orc warrior/halberd (11)]
  7061 | D:10     | Entered Level 10 of the Dungeon
  7092 | D:10     | Reached skill level 5 in Evocations
  7370 | D:10     | Found an opulent altar of Gozag.
  7458 | D:10     | Received a gift from Trog
  8070 | D:10     | Noticed a hill giant
  8080 | D:10     | Killed a hill giant
  8080 | D:10     | Reached XP level 11. HP: 47/82 MP: 18/20
  8320 | D:11     | Got a jewelled blowgun
  8321 | D:11     | Identified the +8 blowgun "Pudeofuka" {speed, Str+2 Int+4} (You found it on level 11 of the Dungeon)
  8348 | D:11     | Found a staircase to the Lair.
  8357 | D:11     | Reached skill level 10 in Evocations
  8462 | D:11     | Identified 2 scrolls of acquirement
  8478 | Lair:1   | Entered Level 1 of the Lair of Beasts
  8522 | Lair:1   | Got a heavily runed platinum ring
  8523 | Lair:1   | Identified the ring "Xerink" {+/*Tele Int+4 Dex+3} (You acquired it on level 1 of the Lair of Beasts)
  8622 | Lair:1   | HP: 3/85 [yak (5)]
  8667 | Lair:1   | Reached skill level 5 in Fighting
  9005 | D:11     | Noticed a manticore
  9018 | D:11     | Killed a manticore
  9018 | D:11     | Reached skill level 1 in Shields
  9145 | D:11     | Gained mutation: You are partially covered in rugged brown scales (AC +1, +3% HP). [evolution]
  9636 | D:12     | Upgraded the game from 0.16-a0-3297-g64b26b4 to 0.16-a0-3303-g3c4fcab
  9689 | D:12     | Found a staircase to the Orcish Mines.
  9777 | D:12     | Noticed Urug
  9793 | D:12     | Killed Urug
 10105 | D:12     | Noticed a hill giant
 10121 | D:12     | Killed a hill giant
 10196 | D:12     | Reached skill level 16 in Maces & Flails
 10248 | D:12     | Killed an unseen horror
 10248 | D:12     | Reached skill level 5 in Shields
 10592 | D:13     | Killed an unseen horror
 10613 | D:13     | Noticed a centaur warrior
 10626 | D:13     | Killed a centaur warrior
 10626 | D:13     | Reached XP level 12. HP: 78/104 MP: 22/22
 10872 | D:13     | Found a gate to the Vaults.
 10912 | D:13     | Noticed Nessos
 10950 | D:13     | Killed Nessos
 11102 | D:13     | Received a gift from Trog
 11247 | D:13     | Gained mutation: You have large cloven feet. [mutagenic meat]
 11297 | D:13     | Noticed a tengu warrior
 11297 | D:13     | Noticed a centaur warrior
 11303 | D:13     | Killed a centaur warrior
 11316 | D:13     | Killed a tengu warrior
 11316 | D:13     | Reached skill level 5 in Dodging
 11409 | D:13     | Identified a +0 pair of boots of running (You found it on level 13 of the Dungeon)
 11414 | D:13     | Noticed a centaur warrior
 11428 | D:13     | Killed a centaur warrior
 11750 | D:14     | Received a gift from Trog
 11750 | D:14     | Reached skill level 10 in Fighting
 11755 | D:14     | Noticed a centaur warrior
 11764 | D:14     | Killed a centaur warrior
 12069 | D:14     | Noticed a six-headed hydra
 12078 | D:14     | Killed a six-headed hydra
 12150 | D:14     | Reached skill level 10 in Armour
 12156 | D:14     | Noticed a skeletal warrior
 12174 | D:14     | Killed a skeletal warrior
 12178 | D:14     | Noticed a skeletal warrior
 12178 | D:14     | Noticed a skeletal warrior
 12208 | D:14     | Killed a skeletal warrior
 12221 | D:14     | Killed a skeletal warrior
 12913 | D:15     | Entered Level 15 of the Dungeon
 12988 | D:15     | Reached XP level 13. HP: 86/118 MP: 22/22
 13055 | D:15     | Found a staircase to the Depths.
 13055 | D:15     | Noticed a dire elephant
 13055 | D:15     | Noticed an emperor scorpion
 13101 | D:15     | Killed a dire elephant
 13115 | D:15     | Killed an emperor scorpion
 13268 | D:15     | Gained mutation: You tend to lose your temper in combat. [mutagenic meat]
 13269 | D:15     | Gained mutation: Your system is resistant to poisons. [mutagenic meat]
 13270 | D:15     | Gained mutation: You often lose your temper in combat. [mutagenic meat]
 13408 | D:15     | HP: 5/119 [sun demon[a kobold demonologist] (19)]
 13408 | D:15     | HP: 2/119 [white imp/puff of frost[a kobold demonologist] (3)]
 13411 | D:15     | Killed from afar by a vampire

Action                   |  1- 3 |  4- 6 |  7- 9 | 10-12 | 13-15 || total
-------------------------+-------+-------+-------+-------+-------++-------
Melee: Mace              |    84 |    45 |   461 |   822 |    65 ||  1477
       Flail             |       |   101 |       |       |       ||   101
       Great mace        |       |       |       |    16 |       ||    16
Throw: Javelin           |       |       |       |     1 |       ||     1
Invok: Berserk           |       |     2 |       |     6 |     1 ||     9
       Trog's Hand       |       |     1 |     1 |       |       ||     2
       Burn Spellbooks   |       |       |     1 |       |       ||     1
 Abil: Evoke Teleportati |       |       |       |     1 |       ||     1
Evoke: Rod               |       |       |       |     2 |       ||     2
  Use: Scroll            |       |       |     4 |    28 |     1 ||    33
       Potion            |       |       |       |     1 |       ||     1
  Eat: Chunk             |       |     7 |    17 |    31 |     6 ||    61
       Pizza             |       |     1 |       |       |       ||     1
       Royal jelly       |       |       |       |     1 |       ||     1
       Fruit             |       |       |       |     1 |       ||     1
       Beef jerky        |       |       |       |     1 |       ||     1
